 Dungeon Crawl Stone Soup version 0.26.1-11-gd32895ea62 (webtiles) character file.

Game seed: 4989215666414372005

3072 vvl the Slasher (level 9, -7/82 HPs)
             Began as a Naga Fighter on July 5, 2021.
             Was a Follower of Cheibriados.
             Shot with a bolt by an orc warrior (17 damage)
             ... in a bailey.
             The game lasted 00:18:46 (8270 turns).

vvl the Slasher (Naga Fighter)                      Turns: 8270, Time: 00:18:47

Health: -7/82      AC:  8    Str: 19 (20) XL:     9   Next: 88%
Magic:  13/13      EV: 10    Int: 11 (14) God:    Cheibriados [*.....]
Gold:   290        SH: 10    Dex: 16 (17) Spells: 8/8 levels left

rFire    x . .     SeeInvis +   s - +5 rapier of Change {vorpal, rN+ Dex+4}
rCold    + + +     Faith    .   c - +0 kite shield
rNeg     + . .     Spirit   .   b - +0 scale mail
rPois    +         Reflect  .   (no helmet)
rElec    +         Harm     .   o - +0 cloak
rCorr    .         Rampage  .   (no gloves)
Will     +....                  (no barding)
Stlth    +.........             z - amulet of regeneration
HPRegen  0.63/turn              m - ring "Asaane" {rElec rF- rC+++ Stlth+}
MPRegen  0.13/turn              u - +4 ring of evasion

@: very slow
A: large, see invisible, deformed body, poison resistance, slowness 2, spit
poison 1, AC +3
a: Spit Poison, Renounce Religion, Bend Time


You were in a bailey.
You worshipped Cheibriados.
Cheibriados was aware of your devotion.
You visited 2 branches of the dungeon, and saw 8 of its levels.
You also visited: Bailey.

You collected 290 gold pieces.

Inventory:

Hand Weapons
 a - a +0 long sword
 i - a +0 spear of venom
 s - the +5 rapier of Change (weapon) {vorpal, rN+ Dex+4}
   (You found it on level 4 of the Dungeon)

   It inflicts extra damage upon your enemies.
   It affects your dexterity (+4).
   It protects you from negative energy.
 t - a +1 vampiric trident
Armour
 b - a +0 scale mail (worn)
 c - a +0 kite shield (worn)
 o - a +0 cloak (worn)
Jewellery
 d - an uncursed ring of willpower
 m - the ring "Asaane" (left hand) {rElec rF- rC+++ Stlth+}
   (You found it on level 6 of the Dungeon)

   [ring of stealth]

   It makes you vulnerable to fire.
   It renders you almost immune to cold.
   It insulates you from electricity.
   It makes you more stealthy.
 u - a +4 ring of evasion (right hand)
 z - an amulet of regeneration (around neck)
Wands
 D - a wand of disintegration (5)
Scrolls
 e - 3 scrolls of remove curse
 j - a scroll of enchant weapon
 k - 2 scrolls of fog
 q - a scroll of immolation {unknown}
 w - a scroll of teleportation {unknown}
 x - a scroll of fear {unknown}
 y - a scroll of silence {unknown}
 A - a scroll of random uselessness {unknown}
Potions
 f - a potion of mutation
 h - a potion of haste
 l - a potion of attraction
 p - 2 potions of berserk rage
 C - a potion of lignification {unknown}


   Skills:
 + Level 5.7 Fighting
 * Level 7.6 Long Blades
 + Level 4.8 Armour
 + Level 4.8 Shields
 + Level 4.8 Translocations
 + Level 5.4 Invocations


You had 8 spell levels left.
You didn't know any spells.
Your spell library contained the following spells:

 Spells                   Type           Power        Failure   Level
 Sandblast                Erth           0%           94%         1
 Conjure Flame            Conj/Fire      0%           100%        3
 Ignite Poison            Fire/Tmut/Pois 0%           100%        3
 Petrify                  Tmut/Erth      0%           100%        4
 Lee's Rapid Deconstruct  Erth           0%           100%        5


Dungeon Overview and Level Annotations

Branches:
Dungeon (7/15)             Temple (1/1) D:6          Bailey (1/1)

Altars:
Ashenzari
Cheibriados
Dithmenos
Elyvilon
Hepliaklqana
Kikubaaqudgha
Makhleb
Nemelex Xobeh
Okawaru
Qazlal
Ru
Trog
Vehumet
Wu Jian
Xom
Yredelemnul
Zin

Shops:
D:4 *


Innate Abilities, Weirdness & Mutations

You cannot wear boots.
Your serpentine skin is tough. (AC +3)
You have supernaturally acute eyesight. (SInv)
Armour fits poorly on your strangely shaped body.
Your system is resistant to poisons. (rPois)
You cover ground very slowly.
You can spit poison.


Message History

* * * LOW HITPOINT WARNING * * *
You block the orc warrior's attack.
Blink to where?
Press: ? - help, Dir - move target
As you read the scroll labelled ZIRROHA SEHOUHOYCE, it crumbles to dust.
It was a scroll of blinking.
The orc warrior wields a +0 arbalest.
The orc warrior shoots a bolt.
You block the bolt.
As you read the scroll of fog, it crumbles to dust.
The scroll dissolves into smoke.
Things that are here:
a +0 arbalest; 12 bolts; a +0 scale mail The orc warrior wields a +0 arbalest.
The orc warrior shoots a bolt.
The bolt barely misses you.
It was a potion of magic.
Magic courses through your body.
It was a potion of degeneration.
There was something very wrong with that liquid.
You feel weakened.
You feel dopey.
You feel clumsy.
The orc warrior wields a +0 arbalest.
The orc warrior shoots a bolt.
The bolt hits you!
You die...

##......§...(...#
##............(..#
###....≈≈≈≈≈§......#
#......≈.#.#§§§§..(.#
.......≈#∩.##§§§....#
.......≈..^.§§§o....#
.......≈##)##§oo....#
.......≈≈#)#≈≈......#
........≈≈≈≈≈@......#
..........(.........#
.........(.........#
........(.........#
.........(........#
.........(......∩.#
........(.(((((..∩#
###################


You could see 3 orc warriors.

Vanquished Creatures
  Pikel (D:6)
  Grinder (D:4)
  Menkaure (D:4)
  Edmund (D:5)
  A water moccasin (D:5)
  2 orc warriors (Bailey)
  A black bear (D:6)
  2 ice beasts
  A sky beast (D:5)
  A phantom (D:5)
  An ogre (D:5)
  4 centaurs
  Blork the orc (D:5)
  A scorpion (D:4)
  3 howler monkeys
  A bullfrog zombie (D:5)
  Crazy Yiuf (D:2)
  A hound (D:5)
  8 orc wizards
  4 orc priests
  2 bullfrog skeletons (D:5)
  A worker ant (D:5)
  3 hound skeletons
  4 gnolls (D:6)
  5 adders
  2 shadow imps
  2 oozes
  An adder skeleton (D:5)
  5 worms
  5 dart slugs
  6 leopard geckos
  19 orcs
  5 bats
  7 giant cockroaches
  16 goblins
  4 hobgoblins
  18 jackals
  3 quokkas
  A ball python (D:2)
  3 frilled lizards
  7 kobolds
  5 rats
161 creatures vanquished.

Vanquished Creatures (others)
  A fungus (D:2)
1 creature vanquished.

Grand Total: 162 creatures vanquished

Notes
Turn   | Place    | Note
-------+----------+-------------------------------------------
     0 | D:1      | vvl the Naga Fighter began the quest for the Orb.
     0 | D:1      | Reached XP level 1. HP: 21/21 MP: 1/1
   254 | D:1      | Reached XP level 2. HP: 21/28 MP: 2/2
  1162 | D:1      | Reached XP level 3. HP: 26/34 MP: 3/3
  1810 | D:2      | Reached skill level 1 in Translocations
  1911 | D:2      | Reached skill level 1 in Invocations
  2019 | D:2      | Reached XP level 4. HP: 40/42 MP: 4/4
  2024 | D:2      | Reached skill level 3 in Long Blades
  2335 | D:2      | Found a runed translucent door.
  2336 | D:2      | Noticed Crazy Yiuf
  2548 | D:2      | Killed Crazy Yiuf
  2549 | D:2      | Reached XP level 5. HP: 8/49 MP: 4/6
  3829 | D:4      | Found Zin's Purification Station.
  3829 | D:4      | Found a glowing silver altar of Zin.
  3829 | D:4      | Noticed Menkaure
  3837 | D:4      | Killed Menkaure
  3838 | D:4      | Reached skill level 4 in Long Blades
  3838 | D:4      | Reached XP level 6. HP: 34/56 MP: 7/7
  3972 | D:4      | Noticed Grinder
  3983 | D:4      | Paralysed by Grinder for 2 turns
  3992 | D:4      | Killed Grinder
  3993 | D:4      | Reached XP level 7. HP: 17/63 MP: 7/9
  4338 | D:4      | Found a radiant altar of Vehumet.
  4345 | D:4      | Identified the Almanac of Burning Earth
  4437 | D:4      | Got an iridescent rapier
  4438 | D:4      | Identified the +5 rapier of Change {vorpal, rN+ Dex+4} (You
                  | found it on level 4 of the Dungeon)
  5109 | D:5      | Entered Level 5 of the Dungeon
  5283 | D:5      | Reached skill level 5 in Long Blades
  5308 | D:5      | Reached XP level 8. HP: 33/73 MP: 10/10
  5835 | D:5      | Noticed Blork the orc
  5845 | D:5      | Killed Blork the orc
  5858 | D:5      | Reached skill level 6 in Long Blades
  6387 | D:5      | Noticed Edmund
  6402 | D:5      | Killed Edmund
  6403 | D:5      | Reached skill level 5 in Fighting
  6403 | D:5      | Reached XP level 9. HP: 34/81 MP: 12/12
  7191 | D:6      | Got a transparent bronze ring
  7241 | D:6      | Found a staircase to the Ecumenical Temple.
  7252 | Temple   | Entered the Ecumenical Temple
  7502 | Temple   | Became a worshipper of Cheibriados the Contemplative
  7525 | D:6      | Identified the ring "Asaane" {rElec rF- rC+++ Stlth+} (You
                  | found it on level 6 of the Dungeon)
  7770 | D:6      | Noticed Pikel
  7799 | D:6      | Killed Pikel
  7800 | D:6      | Reached skill level 7 in Long Blades
  7800 | D:6      | Reached skill level 5 in Invocations
  7914 | D:7      | Found an ornate altar of the Wu Jian Council.
  8073 | D:7      | Found a flagged portal.
  8082 | D:7      | Reached * piety under Cheibriados
  8104 | Bailey   | Entered a bailey
  8261 | Bailey   | HP: 3/82 [orc warrior (9)]
  8270 | Bailey   | Shot with a bolt by an orc warrior

Illustrated notes

Levels and vault maps discovered:
D:1:      scummos_arrival_checkerplants, layout_basic, st_stairs_11,
          minmay_fountain_box, hangedman_decor_clover_reticule,
          kennysheep_crisscross
D:2:      layout_loops_ring, minivault_11, kennysheep_doodads,
          uniq_crazy_yiuf_cottage
D:3:      layout_basic
D:4:      layout_basic, vehumet_crystals, zin_purify, uniq_menkaure,
          uniq_grinder
D:5:      layout_rooms, minmay_bent, uniq_blork_the_orc, uniq_edmund
D:6:      layout_rooms, minmay_temple_entry_wispy, uniq_pikel
D:7:      layout_loops_corners, lemuel_crystal_altar,
          grunt_temple_overflow_open, nzn_wu_jian_contemplation,
          gammafunk_ghost_berserking_beasts, enter_bailey_5, eino_tiny_chamber
Temple:   minmay_temple_curvy_branch
Bailey:   bailey_polearm_2, bailey

Skill      XL: |  1  2  3  4  5  6  7  8  9 |
---------------+----------------------------+-----
Translocations | 1 2 3 4 |  4.8
Invocations    | 1 2 3 4 5 |  5.4
Long Blades    | 3 4 5 6 7 |  7.6
Armour         | 3 4 |  4.8
Shields        | 3 4 |  4.8
Fighting       | 4 5 |  5.7

Action                   |  1- 3 |  4- 6 |  7- 9 || total
-------------------------+-------+-------+-------++-------
Melee: Long sword        |     9 |       |       ||     9
       Dagger            |   115 |       |       ||   115
       Spear             |    38 |   154 |    17 ||   209
       Rapier            |       |       |   287 ||   287
 Abil: Spit Poison       |     1 |       |     5 ||     6
Evoke: Wand              |       |       |     2 ||     2
  Use: Potion            |     1 |       |     6 ||     7
       Scroll            |     1 |       |    10 ||    11
Armor: Scale mail        |    57 |    58 |   126 ||   241
Dodge: Dodged            |    35 |    32 |   112 ||   179
Block: Kite shield       |    58 |    40 |   185 ||   283
